AoeStats
← Gamboche

Arabia

510220698Analyzed
1v1 RM · 3d ago on Sep 30, 2026· 29m 5s· 2 players
Game mode
Random Map
Map size
Tiny (2 player)
Population
200
Speed
Normal
Resources
Standard
Victory
Conquest
Starting age
Dark Age
Ending age
Imperial Age
RankedLock teamsTeams togetherTeam positionsShared explorationLock speedFull tech treeHidden civsTurbo modeCheats
Victory
Defeat
🇦🇷 Magyars · Argentina
1280
+16
🇺🇸 Slavs · United States
1279
-16
KingofAge
7:15 Loom
9:47 Feudal Age
10:17 Double-Bit Axe
20:31 Fletching
26:11 Castle Age
24:54 Bloodlines
24:38 Horse Collar
25:14 Gold Mining
27:08 Bow Saw
29:02 Husbandry
29:12 Gold Mining
Gamboche
5:11 Loom
9:53 Feudal Age
9:57 Man-at-Arms
12:50 Town Watch
21:15 Wheelbarrow
24:28 Castle Age
23:27 Bloodlines
23:24 Scale Barding Armor
23:18 Double-Bit Axe
23:34 Gold Mining
26:10 Husbandry
Connection lost

Rejoining the realm…

Still unreachable

The connection could not be restored.

Session expired

The server has moved on; the page needs a fresh start.